 Dungeon Crawl Stone Soup version 0.30-a0-168-g0b976cbdc4 (webtiles) character file.

Game seed: 2550364329553293317

3484 qw the Cleaver (level 10, -18/63 HPs)
             Began as a Gargoyle Fighter on Sept 29, 2022.
             Was a Believer of Okawaru.
             Demolished by Psyche
             ... wielding a +1 dagger of distortion
              (19 damage)
             ... on level 8 of the Dungeon.
             The game lasted 00:03:21 (8753 turns).

qw the Cleaver (Gargoyle Fighter)                   Turns: 8753, Time: 00:03:22

Health: -18/63     AC:  0    Str: 24    XL:     10   Next: 7%
Magic:  13/13      EV: 16    Int:  9    God:    Okawaru [**....]
Gold:   172        SH:  0    Dex:  9    Spells: 9/9 levels left

rFire   . . .      SeeInvis .      - Unarmed
rCold   . . .      Faith    .    (shield currently unavailable)
rNeg    + . .      Spirit   .    (body armour currently unavailable)
rPois   inf        Reflect  .    (helmet currently unavailable)
rElec   .          Harm     .    (cloak currently unavailable)
rCorr   .          Rampage  .    (gloves currently unavailable)
Will    .....                    (boots currently unavailable)
Stlth   +++.......               (no amulet)
HPRegen 0.20/turn                (ring currently unavailable)
MPRegen 0.13/turn                (ring currently unavailable)

@: pig-form, heroic, very quick
A: fast, no casting, sickness immunity, AC +7, small, negative energy resistance
1, (electricity resistance), torment resistance 1, petrification resistance
a: Renounce Religion, Heroism


You were on level 8 of the Dungeon.
You worshipped Okawaru.
Okawaru was pleased with you.
You were a filthy swine.
You visited 2 branches of the dungeon, and saw 9 of its levels.

You collected 770 gold pieces.
You spent 598 gold pieces at shops.


Innate Abilities, Weirdness & Mutations

You are a filthy swine.
You move quickly.
Your equipment is almost entirely melded.
You are incapable of wielding weapons or throwing items.
You cannot cast spells.
You are immune to sickness and miasma.
((Your stone body is resilient. (AC +7)))
You are immune to poison.
You resist negative energy. (rN+)
((You are resistant to electric shocks. (rElec)))
You are resistant to unholy torment.
You are immune to petrification.


   Skills:
 - Level 7.1(12.1) Fighting
 - Level 10.1(15.1) Axes
 - Level 2.2(7.2) Throwing
 + Level 4.7(9.7) Armour
 - Level 1.5(6.5) Dodging
 - Level 4.5(9.5) Shields
 - Level 4.0 Invocations


You had 9 spell levels left.
You didn't know any spells.
Your spell library was empty.

Inventory:

Hand Weapons
 b - a +0 morningstar
 Y - a +3 war axe of electrocution (melded)
Missiles
 q - 12 boomerangs
 r - a javelin
Armour
 c - a +0 buckler (melded)
 f - a +0 chain mail (melded)
 i - a +0 pair of gloves (melded)
 l - a +2 cloak
Jewellery
 e - a ring of fire
 h - a +4 ring of evasion (melded)
 s - an amulet of the acrobat
Scrolls
 g - 4 scrolls of identify
 k - 7 scrolls of teleportation
Potions
 a - a potion of resistance
 d - 6 potions of might
 j - 2 potions of lignification
 m - a potion of magic
 n - 2 potions of curing
 o - a potion of haste
 p - a potion of attraction

Dungeon Overview and Level Annotations

Branches:
Dungeon (8/15)             Temple (1/1) D:4
   Lair: D:8-11

Altars:
Ashenzari
Cheibriados
Dithmenos
Elyvilon
Fedhas
Gozag
Hepliaklqana
Kikubaaqudgha
Nemelex Xobeh
Okawaru
Qazlal
Ru
Sif Muna
Trog
Uskayaw
Vehumet
Wu Jian
Xom
Yredelemnul
Zin
The Shining One

Shops:
D:7 :(??

Annotations:
D:4 1 runed translucent door, Crazy Yiuf
D:8 Psyche


Message History

Psyche hits you with a +1 dagger of distortion!
You blink.
That's the wrong kind of item! (Use * to select it.) Quiver which item? (- for none, * to toggle full inventory) (? for menu, Esc to quit)
That's the wrong kind of item! (Use * to select it.) Quiver which item? (- for none, * to toggle full inventory) (? for menu, Esc to quit)
That's the wrong kind of item! (Use * to select it.) Quiver which item? (- for none, * to toggle full inventory) (? for menu, Esc to quit)
That's the wrong kind of item! (Use * to select it.) Quiver which item? (- for none, * to toggle full inventory) (? for menu, Esc to quit)
That's the wrong kind of item! (Use * to select it.) Quiver which item? (- for none, * to toggle full inventory) (? for menu, Esc to quit)
That's the wrong kind of item! (Use * to select it.) Quiver which item? (- for none, * to toggle full inventory) (? for menu, Esc to quit)
You hit Psyche.
Psyche is severely wounded.
Psyche hits you with a +1 dagger of distortion!
Space warps horribly around you!!
You barely miss Psyche.
Psyche is severely wounded.
Psyche says, "I'm a bad girl, but I can't do anything about it."
Psyche hits you with a +1 dagger of distortion!
You barely miss Psyche.
Psyche is severely wounded.
Psyche misses you.
You hit Psyche.
Psyche is almost dead.
Psyche mumbles some strange words.
Psyche flickers and vanishes!
Deactivating autopickup; reactivate with Ctrl-A.
You miss something. Something hits you.
You closely miss something.
You hear some strange, mumbled words.
A swirling arc of seething chaos appears!
An arc of chaos appears from out of thin air!
The arc of chaos hits you.
You barely miss something. Something hits you!
Space warps horribly around you!!
You die...

#.#.# #.# #.# ##
#.#.####.####.######
#.#.##..............
#.#.##..............
#.#.##..##.#.%.#####
#.#.##..##..........
#...##..####..)#####
###{##..#####.##
#######h..........#
#........#..#######
#.######.#..# #.#
#.#..# #.# +....# #.#
+..#.# ##########.#
#.##.#
...........######..).#
.#########........##.#


There were no monsters in sight!

Vanquished Creatures
  Maurice (D:8)
  Prince Ribbit (D:6)
  An orc warrior (D:8)
  3 black bears
  A sky beast (D:7)
  An ogre (D:6)
  A centaur (D:6)
  5 bullfrogs
  2 kobold brigands
  Blork the orc (D:6)
  4 scorpions
  5 wights (D:7)
  2 howler monkeys
  An electric eel (D:6)
  2 jellies
  6 orc priests
  2 gnoll boudas
  4 hounds
  Natasha (thrice) (D:2)
  5 iguanas
  8 orc wizards
  Terence (D:2)
  10 adders
  10 gnolls
  A river rat (D:6)
  A shadow imp (D:6)
  2 white imps (D:7)
  An ufetubus (D:5)
  2 worms
  2 dart slugs
  32 orcs
  8 ball pythons
  12 endoplasms
  8 giant cockroaches
  12 goblins
  6 hobgoblins
  10 jackals
  13 kobolds
  5 quokkas
  2 bats (D:2)
  2 frilled lizards
  7 rats
206 creatures vanquished.

Vanquished Creatures (others)
  A plant (D:5)
1 creature vanquished.

Grand Total: 207 creatures vanquished

Notes
Turn   | Place    | Note
-------+----------+-------------------------------------------
     0 | D:1      | qw the Gargoyle Fighter began the quest for the Orb.
     0 | D:1      | Reached XP level 1. HP: 14/14 MP: 1/1
     0 | D:1      | 0 ||| qw: Version: 0.2-a-12-gaebbb33
     0 | D:1      | 0 ||| qw: Game counter: 1204
     0 | D:1      | 0 ||| qw: Always use a shield: true
     0 | D:1      | 0 ||| qw: God list: Okawaru
     0 | D:1      | 0 ||| qw: Allow faded altars: false
     0 | D:1      | 0 ||| qw: Do Orc after D:15 true
     0 | D:1      | 0 ||| qw: Do second Lair branch before Depths: true
     0 | D:1      | 0 ||| qw: Lair rune preference: random
     0 | D:1      | 0 ||| qw: Plans: Normal, Zot:1-4, God:TSO, Crypt, Tomb,
                  | Pan, Slime:5, Hells, Abyss, Orb
     0 | D:1      | 0 ||| PLANNING D:1-11
    35 | D:1      | Reached skill level 2 in Axes
    38 | D:1      | 38 ||| Stepping ~*~*~tactically~*~*~ (stealth).
    39 | D:1      | 39 ||| Stepping ~*~*~tactically~*~*~ (stealth).
    42 | D:1      | 42 ||| Stepping ~*~*~tactically~*~*~ (stealth).
    52 | D:1      | 52 ||| Stepping ~*~*~tactically~*~*~ (stealth).
    61 | D:1      | Reached XP level 2. HP: 13/19 MP: 2/2
   408 | D:1      | 408 ||| DROPPING +0 club.
   432 | D:1      | Found a faded altar of an unknown god.
   768 | D:1      | Reached skill level 3 in Axes
   846 | D:1      | Reached XP level 3. HP: 22/23 MP: 3/3
  1128 | D:1      | 1128 ||| UPGRADING to +0 chain mail.
  1138 | D:1      | 1138 ||| DROPPING +0 scale mail.
  1139 | D:1      | 1139 ||| READING scroll labelled BALOAMACRE.
  1140 | D:1      | 1140 ||| READING scroll labelled MURGHO QINK.
  1141 | D:1      | 1141 ||| READING scroll labelled INYN EMMUXAPSY.
  1142 | D:1      | 1142 ||| READING 3 scrolls labelled YSIF HUXAEM.
  1147 | D:1      | 1147 ||| READING scroll labelled ELINONTE ROUWU.
  1210 | D:2      | 1210 ||| READING scroll labelled LIGEATRAODO.
  1211 | D:2      | 1211 ||| READING 2 scrolls of teleportation.
  1703 | D:2      | 1703 ||| Stepping ~*~*~tactically~*~*~ (stealth).
  1713 | D:2      | 1713 ||| FLEEEEING.
  1714 | D:2      | 1714 ||| FLEEEEING.
  1715 | D:2      | 1715 ||| FLEEEEING.
  1716 | D:2      | 1716 ||| FLEEEEING.
  1717 | D:2      | 1717 ||| FLEEEEING.
  1718 | D:2      | 1718 ||| FLEEEEING.
  1730 | D:2      | 1730 ||| FLEEEEING.
  1731 | D:2      | 1731 ||| FLEEEEING.
  1739 | D:2      | 1739 ||| FLEEEEING.
  1746 | D:2      | 1746 ||| STAIRDANCE
  1776 | D:1      | 1776 ||| UPGRADING to +0 pair of gloves.
  1781 | D:1      | 1781 ||| DROPPING amulet of faith.
  1782 | D:1      | 1782 ||| READING scroll labelled NULEH SARU.
  1793 | D:2      | Reached skill level 4 in Axes
  1793 | D:2      | Reached XP level 4. HP: 28/28 MP: 4/4
  1863 | D:2      | Noticed Natasha
  1870 | D:2      | Killed Natasha
  1916 | D:2      | Noticed Terence
  1919 | D:2      | Killed Terence
  1920 | D:2      | Reached XP level 5. HP: 32/32 MP: 5/5
  1947 | D:2      | You fall into a shaft and drop 2 floors!
  2087 | D:4      | 2087 ||| Stepping ~*~*~tactically~*~*~ (stealth).
  2088 | D:4      | 2088 ||| Stepping ~*~*~tactically~*~*~ (stealth).
  2090 | D:4      | 2090 ||| STAIRDANCE
  2116 | D:2      | Reached skill level 5 in Axes
  2131 | D:2      | 2131 ||| FLEEEEING.
  2132 | D:2      | 2132 ||| FLEEEEING.
  2133 | D:2      | 2133 ||| FLEEEEING.
  2277 | D:2      | 2277 ||| Stepping ~*~*~tactically~*~*~ (stealth).
  2302 | D:2      | Noticed Natasha
  2307 | D:2      | Killed Natasha
  2328 | D:2      | 2328 ||| DROPPING +0 mace.
  2523 | D:2      | Noticed Natasha
  2528 | D:2      | Killed Natasha
  2529 | D:2      | Reached XP level 6. HP: 31/38 MP: 6/6
  2735 | D:3      | 2735 ||| Stepping ~*~*~tactically~*~*~ (stealth).
  2805 | D:3      | 2805 ||| FLEEEEING.
  2806 | D:3      | 2806 ||| FLEEEEING.
  2807 | D:3      | 2807 ||| FLEEEEING.
  2808 | D:3      | 2808 ||| FLEEEEING.
  2814 | D:3      | 2814 ||| STAIRDANCE
  2870 | D:2      | 2870 ||| READING scroll labelled EQITHR AWKONEI.
  2871 | D:2      | 2871 ||| DRINKING 3 bubbling pink potions.
  2872 | D:2      | 2872 ||| DROPPING 2 potions of degeneration.
  2961 | D:3      | HP: 9/38 [orc priest/+0 falchion (5)]
  2962 | D:3      | Reached skill level 6 in Axes
  2962 | D:3      | 2962 ||| READING 2 scrolls of teleportation.
  3292 | D:3      | Reached XP level 7. HP: 36/43 MP: 7/7
  3475 | D:3      | Found the +7 Throatcutter {drain, coup de grace}
  3600 | D:3      | 3600 ||| DRINKING 2 green potions.
  3601 | D:3      | 3601 ||| READING 2 scrolls of identify.
  3601 | D:3      | 3601 ||| IDENTIFYING yellow potion
  3602 | D:3      | 3602 ||| DROPPING potion of flight.
  3620 | D:4      | 3620 ||| STAIRDANCE
  3631 | D:4      | 3631 ||| DRINKING potion of curing.
  3631 | D:4      | 3631 ||| (to cure confusion)
  3632 | D:4      | 3632 ||| Stepping ~*~*~tactically~*~*~ (hiding).
  3635 | D:4      | 3635 ||| Stepping ~*~*~tactically~*~*~ (hiding).
  3646 | D:4      | Reached skill level 7 in Axes
  3661 | D:4      | 3661 ||| Stepping ~*~*~tactically~*~*~ (stealth).
  3662 | D:4      | 3662 ||| Stepping ~*~*~tactically~*~*~ (stealth).
  3665 | D:4      | Found a staircase to the Ecumenical Temple.
  3666 | D:4      | 3666 ||| PLANNING TEMPLE
  3868 | D:4      | 3868 ||| FLEEEEING.
  3869 | D:4      | 3869 ||| FLEEEEING.
  3870 | D:4      | 3870 ||| FLEEEEING.
  3871 | D:4      | 3871 ||| FLEEEEING.
  3872 | D:4      | 3872 ||| FLEEEEING.
  3876 | D:4      | 3876 ||| FLEEEEING.
  3878 | D:4      | 3878 ||| STAIRDANCE
  3882 | D:4      | 3882 ||| STAIRDANCE
  3886 | D:4      | 3886 ||| STAIRDANCE
  3891 | D:4      | 3891 ||| STAIRDANCE
  3906 | Temple   | Entered the Ecumenical Temple
  4016 | Temple   | 4016 ||| PLANNING OKAWARU WORSHIP
  4135 | Temple   | Became a worshipper of Warmaster Okawaru
  4136 | Temple   | 4136 ||| PLANNING D:1-11
  4191 | D:4      | 4191 ||| Stepping ~*~*~tactically~*~*~ (stealth).
  4192 | D:4      | 4192 ||| Stepping ~*~*~tactically~*~*~ (stealth).
  4226 | D:4      | 4226 ||| Stepping ~*~*~tactically~*~*~ (stealth).
  4550 | D:4      | 4550 ||| Stepping ~*~*~tactically~*~*~ (stealth).
  4558 | D:4      | Reached skill level 1 in Dodging
  4678 | D:4      | Found a runed translucent door.
  4679 | D:4      | Noticed Crazy Yiuf
  4950 | D:4      | 4950 ||| READING scroll labelled MYRCHO SUZAPHO.
  4951 | D:4      | 4951 ||| READING scroll labelled HYCITU VEAPOL.
  4952 | D:4      | 4952 ||| DRINKING 3 fuming puce potions.
  5041 | D:5      | Entered Level 5 of the Dungeon
  5131 | D:5      | 5131 ||| Stepping ~*~*~tactically~*~*~ (stealth).
  5139 | D:5      | Reached XP level 8. HP: 43/49 MP: 8/8
  5511 | D:5      | Found a basalt altar of Yredelemnul.
  5573 | D:5      | Reached * piety under Okawaru
  5574 | D:5      | Reached skill level 8 in Axes
  5790 | D:5      | 5790 ||| INVOKING Heroism.
  5791 | D:5      | 5791 ||| INVOKING Heroism.
  5905 | D:5      | 5905 ||| UPGRADING to +4 ring of evasion.
  5906 | D:5      | 5906 ||| READING 2 scrolls of identify.
  5906 | D:5      | 5906 ||| IDENTIFYING smoky red potion
  5923 | D:6      | 5923 ||| PLANNING SEWER
  5956 | D:6      | Reached skill level 1 in Invocations
  6011 | D:6      | 6011 ||| Stepping ~*~*~tactically~*~*~ (stealth).
  6014 | D:6      | Noticed Prince Ribbit
  6015 | D:6      | 6015 ||| INVOKING Heroism.
  6021 | D:6      | Killed Prince Ribbit
  6022 | D:6      | Reached skill level 6 in Fighting
  6029 | D:6      | Reached skill level 3 in Invocations
  6210 | D:6      | Noticed Blork the orc
  6211 | D:6      | 6211 ||| INVOKING Heroism.
  6217 | D:6      | Killed Blork the orc
  6218 | D:6      | Reached skill level 1 in Throwing
  6218 | D:6      | Reached XP level 9. HP: 46/55 MP: 8/11
  6241 | D:6      | 6241 ||| INVOKING Heroism.
  6379 | D:6      | Reached ** piety under Okawaru
  6400 | D:6      | 6400 ||| Stepping ~*~*~tactically~*~*~ (stealth).
  6583 | D:6      | Found a glowing drain.
  6587 | D:6      | 6587 ||| READING scroll labelled AXAUVU BUAFI.
  6587 | D:6      | Identified a scroll of acquirement
  6587 | D:6      | 6587 ||| ACQUIRING 343 gold pieces
  6587 | D:6      | Acquired 343 gold pieces
  6589 | D:6      | 6589 ||| READING 2 scrolls of identify.
  6589 | D:6      | 6589 ||| IDENTIFYING smoky black potion
  6708 | D:6      | Found a bloodstained altar of Trog.
  6708 | D:6      | Found a glowing silver altar of Zin.
  6710 | D:6      | 6710 ||| INVOKING Heroism.
  6742 | D:6      | 6742 ||| INVOKING Heroism.
  6749 | D:6      | Reached skill level 9 in Axes
  6920 | D:6      | 6920 ||| RIP SEWER
  6920 | D:6      | 6920 ||| PLANNING D:1-11
  6929 | D:7      | Found Dacsurho's Antique Weapon Boutique.
  6975 | D:7      | 6975 ||| INVOKING Heroism.
  7199 | D:7      | 7199 ||| INVOKING Heroism.
  7224 | D:7      | Found Riebb's Magic Scroll Boutique.
  7231 | D:7      | 7231 ||| BUYING scroll of enchant weapon (112 gold).
  7231 | D:7      | Bought a scroll of enchant weapon for 112 gold pieces
  7231 | D:7      | 7231 ||| BUYING scroll of identify (30 gold).
  7231 | D:7      | Bought a scroll of identify for 30 gold pieces
  7231 | D:7      | 7231 ||| BUYING scroll of identify (30 gold).
  7231 | D:7      | Bought a scroll of identify for 30 gold pieces
  7231 | D:7      | 7231 ||| BUYING scroll of identify (30 gold).
  7231 | D:7      | Bought a scroll of identify for 30 gold pieces
  7231 | D:7      | 7231 ||| BUYING scroll of identify (30 gold).
  7231 | D:7      | Bought a scroll of identify for 30 gold pieces
  7231 | D:7      | 7231 ||| BUYING scroll of teleportation (45 gold).
  7231 | D:7      | Bought a scroll of teleportation for 45 gold pieces
  7231 | D:7      | 7231 ||| BUYING scroll of teleportation (45 gold).
  7231 | D:7      | Bought a scroll of teleportation for 45 gold pieces
  7231 | D:7      | 7231 ||| READING scroll of enchant weapon.
  7231 | D:7      | 7231 ||| ENCHANTING +0 war axe of electrocution.
  7380 | D:7      | Found Ucrow's Book Emporium.
  7425 | D:7      | Found Apyerghacy's Magic Scroll Shop.
  7430 | D:7      | 7430 ||| BUYING scroll of enchant weapon (90 gold).
  7430 | D:7      | Bought a scroll of enchant weapon for 90 gold pieces
  7430 | D:7      | 7430 ||| BUYING scroll of enchant weapon (90 gold).
  7430 | D:7      | Bought a scroll of enchant weapon for 90 gold pieces
  7430 | D:7      | 7430 ||| BUYING scroll of identify (24 gold).
  7430 | D:7      | Bought a scroll of identify for 24 gold pieces
  7430 | D:7      | 7430 ||| BUYING scroll of teleportation (36 gold).
  7430 | D:7      | Bought a scroll of teleportation for 36 gold pieces
  7430 | D:7      | 7430 ||| BUYING scroll of teleportation (36 gold).
  7430 | D:7      | Bought a scroll of teleportation for 36 gold pieces
  7430 | D:7      | 7430 ||| READING 2 scrolls of enchant weapon.
  7430 | D:7      | 7430 ||| ENCHANTING +1 war axe of electrocution.
  7431 | D:7      | 7431 ||| READING scroll of enchant weapon.
  7431 | D:7      | 7431 ||| ENCHANTING +2 war axe of electrocution.
  7493 | D:7      | 7493 ||| Stepping ~*~*~tactically~*~*~ (hiding).
  7701 | D:7      | 7701 ||| READING scroll labelled XUTEHUATHE.
  7802 | D:7      | 7802 ||| READING 7 scrolls of identify.
  7802 | D:7      | 7802 ||| IDENTIFYING clear potion
  7803 | D:7      | 7803 ||| READING 6 scrolls of identify.
  7803 | D:7      | 7803 ||| IDENTIFYING emerald potion
  7804 | D:7      | 7804 ||| READING 5 scrolls of identify.
  7804 | D:7      | 7804 ||| IDENTIFYING smoky brown potion
  7805 | D:7      | 7805 ||| DROPPING potion of brilliance.
  7915 | D:8      | 7915 ||| Stepping ~*~*~tactically~*~*~ (stealth).
  7918 | D:8      | 7918 ||| Stepping ~*~*~tactically~*~*~ (stealth).
  7922 | D:8      | 7922 ||| Stepping ~*~*~tactically~*~*~ (stealth).
  7927 | D:8      | 7927 ||| Stepping ~*~*~tactically~*~*~ (hiding).
  7944 | D:8      | 7944 ||| FLEEEEING.
  7945 | D:8      | 7945 ||| FLEEEEING.
  7946 | D:8      | 7946 ||| FLEEEEING.
  7947 | D:8      | 7947 ||| FLEEEEING.
  7948 | D:8      | 7948 ||| FLEEEEING.
  7949 | D:8      | 7949 ||| FLEEEEING.
  7950 | D:8      | 7950 ||| FLEEEEING.
  7951 | D:8      | 7951 ||| FLEEEEING.
  7952 | D:8      | 7952 ||| FLEEEEING.
  7953 | D:8      | 7953 ||| FLEEEEING.
  7954 | D:8      | 7954 ||| FLEEEEING.
  7955 | D:8      | 7955 ||| FLEEEEING.
  7956 | D:8      | 7956 ||| FLEEEEING.
  7957 | D:8      | 7957 ||| FLEEEEING.
  7958 | D:8      | 7958 ||| FLEEEEING.
  7959 | D:8      | 7959 ||| FLEEEEING.
  7960 | D:8      | 7960 ||| FLEEEEING.
  7961 | D:8      | 7961 ||| FLEEEEING.
  7962 | D:8      | 7962 ||| FLEEEEING.
  7963 | D:8      | 7963 ||| FLEEEEING.
  7964 | D:8      | 7964 ||| FLEEEEING.
  7966 | D:8      | 7966 ||| FLEEEEING.
  7967 | D:8      | 7967 ||| FLEEEEING.
  7968 | D:8      | 7968 ||| FLEEEEING.
  7969 | D:8      | 7969 ||| FLEEEEING.
  7970 | D:8      | 7970 ||| FLEEEEING.
  7971 | D:8      | 7971 ||| FLEEEEING.
  7972 | D:8      | 7972 ||| FLEEEEING.
  7973 | D:8      | 7973 ||| FLEEEEING.
  7974 | D:8      | 7974 ||| STAIRDANCE
  8030 | D:8      | 8030 ||| Stepping ~*~*~tactically~*~*~ (hiding).
  8036 | D:8      | 8036 ||| INVOKING Heroism.
  8091 | D:8      | 8091 ||| Stepping ~*~*~tactically~*~*~ (stealth).
  8093 | D:8      | 8093 ||| Stepping ~*~*~tactically~*~*~ (hiding).
  8099 | D:8      | 8099 ||| INVOKING Heroism.
  8155 | D:8      | 8155 ||| READING scroll of acquirement.
  8155 | D:8      | 8155 ||| ACQUIRING amulet of the acrobat
  8155 | D:8      | Acquired an amulet of the acrobat
  8157 | D:8      | 8157 ||| DROPPING amulet of magic regeneration.
  8202 | D:8      | 8202 ||| INVOKING Heroism.
  8248 | D:8      | 8248 ||| Stepping ~*~*~tactically~*~*~ (hiding).
  8263 | D:8      | 8263 ||| Stepping ~*~*~tactically~*~*~ (hiding).
  8299 | D:8      | 8299 ||| Stepping ~*~*~tactically~*~*~ (stealth).
  8300 | D:8      | 8300 ||| Stepping ~*~*~tactically~*~*~ (stealth).
  8300 | D:8      | Found a flagged portal.
  8339 | D:8      | Noticed Maurice
  8340 | D:8      | 8340 ||| Stepping ~*~*~tactically~*~*~ (hiding).
  8369 | D:8      | Killed Maurice
  8369 | D:8      | Reached *** piety under Okawaru
  8370 | D:8      | Reached skill level 10 in Axes
  8370 | D:8      | Reached XP level 10. HP: 31/63 MP: 13/13
  8655 | D:8      | 8655 ||| Stepping ~*~*~tactically~*~*~ (stealth).
  8656 | D:8      | 8656 ||| Stepping ~*~*~tactically~*~*~ (stealth).
  8658 | D:8      | 8658 ||| Stepping ~*~*~tactically~*~*~ (hiding).
  8662 | D:8      | 8662 ||| INVOKING Heroism.
  8666 | D:8      | 8666 ||| Stepping ~*~*~tactically~*~*~ (hiding).
  8735 | D:8      | Noticed Psyche
  8736 | D:8      | 8736 ||| INVOKING Heroism.
  8742 | D:8      | 8742 ||| DRINKING 3 potions of curing.
  8742 | D:8      | 8742 ||| (to cure confusion)
  8751 | D:8      | HP: 13/63 [something (6)]
  8753 | D:8      | HP: 1/63 [something (8)]
  8753 | D:8      | Demolished by Psyche

Levels and vault maps discovered:
D:1:      minmay_arrival_four_loops, layout_rooms,
          hellmonk_ecumenical_altar_pennies_from_heaven, minmay_strange_pillars
D:2:      cheibrodos_pilgrimage, layout_basic, eino_curves_02,
          amcnicky_mini_pool_small, grunt_ministairs_9, uniq_terence,
          uniq_natasha
D:3:      layout_rooms, dilly_guarded_unrand_throatcut
D:4:      layout_gridville, minmay_temple_entry_waves, minmay_bisected,
          uniq_crazy_yiuf_cottage
D:5:      layout_cave_pools, old_standard_altar, corexii_shack,
          chequers_serial_rivers_large_a
D:6:      lemuel_ice_spiral_2, layout_basic, nicolae_overflow_two_pavilions,
          gup_sewer_entry_spiral, minivault_10, minmay_crossroads,
          uniq_blork_the_orc, uniq_prince_ribbit1
D:7:      layout_basic, serial_shops, nicolae_stop_n_shop_2,
          nicolae_take_the_stairs, shop, shop, minmay_misc_feat_rows,
          nicolae_titane
D:8:      layout_loops_ring, general_overflow_altar, enter_bailey_5,
          uniq_psyche, uniq_maurice
Temple:   mainiacjoe_temple_bowtie_tessellation

Skill      XL: |  1  2  3  4  5  6  7  8  9 |
---------------+----------------------------+-----
Axes           | 2 3 4 5 6 7 8 10 | 10.1
Fighting       | 4 5 6 7 |  7.1
Dodging        | 1 |  1.5
Invocations    | 3 4 |  4.0
Throwing       | 1 2 |  2.2
Armour         | 4 |  4.7
Shields        | 4 |  4.5

Action                   |  1- 3 |  4- 6 |  7- 9 | 10-12 || total
-------------------------+-------+-------+-------+-------++-------
Melee: War axe           |   130 |   106 |   353 |     5 ||   594
       Unarmed           |       |       |       |    10 ||    10
Throw: Javelin           |       |       |    22 |     4 ||    26
       Boomerang         |       |       |    14 |       ||    14
Invok: Heroism           |       |       |    11 |     2 ||    13
  Use: Scroll            |     8 |     2 |    14 |       ||    24
       Potion            |       |     1 |     3 |     1 ||     5
Armor: Scale mail        |    32 |       |       |       ||    32
       Chain mail        |    38 |    83 |   151 |     1 ||   273
Dodge: Dodged            |    42 |    26 |   144 |     3 ||   215
Block: Buckler           |    24 |    18 |    59 |     2 ||   103

Table legend:
 A = Non-vault XP
 B = Vault XP
 C = Vault XP percentage of total XP
 D = Non-vault monster count
 E = Vault monster count
 F = Vault count percentage of total count
                 A         B        C        D         E       F
            +---------+---------+-------+---------+---------+-------
      Total |    3661 |    1317 |  26.5 |     170 |      36 |  17.5
            +---------+---------+-------+---------+---------+-------
        D:1 |      42 |       0 |   0.0 |      24 |       0 |   0.0
        D:2 |     103 |     159 |  60.7 |      12 |      10 |  45.5
        D:3 |     372 |     102 |  21.5 |      32 |       5 |  13.5
        D:4 |     388 |       9 |   2.3 |      26 |       4 |  13.3
        D:5 |     545 |       1 |   0.2 |      16 |       1 |   5.9
        D:6 |     678 |     576 |  45.9 |      20 |      11 |  35.5
        D:7 |     645 |       0 |   0.0 |      11 |       0 |   0.0
        D:8 |     888 |     470 |  34.6 |      29 |       5 |  14.7
            +---------+---------+-------+---------+---------+-------
